 Dungeon Crawl Stone Soup version 0.19.5 (webtiles) character file.

330 BugsBunnySan the Scratcher (level 6, 28/28 HPs)
             Began as a Felid Berserker on Apr 1, 2017.
             Was a Priest of Trog.
             Quit the game on level 5 of the Dungeon.
             The game lasted 00:09:29 (4490 turns).

BugsBunnySan the Scratcher (Felid Berserker)        Turns: 4490, Time: 00:09:30

Health: 28/28      AC:  2    Str: 13    XL:     6   Next: 26%
Magic:  7/7        EV: 22    Int:  8    God:    Trog [***...]
Gold:   204        SH:  0    Dex: 18    Spells: 0 memorised, 5 levels left
                                        Lives:  1   Deaths: 1

rFire  . . .     SeeInvis +       - Unarmed
rCold  . . .     Gourm    .     (armour unavailable)
rNeg   . . .     Faith    .     (shield unavailable)
rPois  .         Spirit   .     (helmet unavailable)
rElec  .         Reflect  .     (cloak unavailable)
rCorr  .         Harm     .     (gloves unavailable)
MR     .....                    (boots unavailable)
Stlth  +++.......               (no amulet)
                                (no ring)
                                (no ring)

@: quick
A: no armour, no weapons or thrown items, stealth, claws 1, fangs 3, see
invisible, carnivore 3, speed 1, shaggy fur 2, slow metabolism 1, sharp paws
a: Berserk, Trog's Hand, Burn Spellbooks, Renounce Religion


You were on level 5 of the Dungeon.
You worshipped Trog.
Trog was most pleased with you.
You were not hungry.

You visited 1 branch of the dungeon, and saw 5 of its levels.

You collected 204 gold pieces.

Inventory:

Jewellery
 b - an uncursed ring of ice {unknown}
 m - an uncursed ring of wizardry {unknown}
 q - a cursed ring of positive energy {unknown}
 w - a cursed ring of teleportation {unknown}
Scrolls
 e - 4 scrolls of remove curse {unknown}
 k - 2 scrolls of identify {unknown}
 l - a scroll of recharging {unknown}
 n - 2 scrolls of teleportation {unknown}
 p - a scroll of random uselessness {unknown}
 s - a scroll of enchant armour {unknown}
Potions
 c - a potion of resistance {unknown}
 d - 2 potions of curing {unknown}
 f - 2 potions of cancellation {unknown}
 g - 2 potions of degeneration {unknown}
 j - a potion of lignification {unknown}
 r - a potion of ambrosia {unknown}
 t - a potion of haste {unknown}
 u - a potion of magic {unknown}
Books
 o - a book of Changes

   Spells                             Type                      Level
   a - Beastly Appendage              Transmutation                1
   b - Sticks to Snakes               Transmutation                2
   c - Spider Form                    Transmutation/Poison         3
   d - Ice Form                       Ice/Transmutation            4
   e - Blade Hands                    Transmutation                5
   Trog disapproves of the use of such an item.
Comestibles
 a - 2 meat rations
 h - 2 beef jerkies
 i - 2 slices of pizza
 v - 3 chunks of flesh


   Skills:
 + Level 3.6 Fighting
 + Level 5.9 Dodging
 + Level 4.4 Stealth
 + Level 6.7 Unarmed Combat


You had 5 spell levels left.
You didn't know any spells.

Dungeon Overview and Level Annotations

Branches:
Dungeon (5/15)
 Temple: D:4-7

Altars:
Ashenzari
Cheibriados
Makhleb
Trog


Innate Abilities, Weirdness & Mutations

You cannot wear armour.
You are incapable of wielding weapons or throwing items.
Your paws allow you to move quietly. (Stealth)
You have sharp claws.
You have razor-sharp teeth.
You have supernaturally acute eyesight. (SInv)
You are carnivorous and can eat meat at any time.
You cover ground quickly.
You are covered in thick fur. (AC +2)
You have a slow metabolism.
Your sharp claws are effective at attacking unaware monsters.


Message History

The big kobold closely misses you. The worker ant zombie bites you.
* * * LOW HITPOINT WARNING * * *
The big kobold completely misses you.
You barely miss the big kobold.
The big kobold is almost dead.
You feel yourself speed up.
The worker ant zombie completely misses you.
The big kobold hits you with an uncursed club.
* * * LOW HITPOINT WARNING * * *
The big kobold unwields an uncursed club.
The big kobold wields an uncursed hand crossbow.
The big kobold shoots a bolt.
The bolt completely misses you.
You feel the effects of Trog's Hand fading.
The big kobold shoots a bolt.
The bolt hits you!
Ouch! That really hurt!
You die...
You are now level 6!
You rejoin the land of the living...
Found a bread ration.
Are you sure you want to abandon this character and quit the game? (Confirm with "yes".)

#......................
#......................
#....∩.................
#......................
#.....................$
#.........../. ....
#......%......
#.............
#.....@.......
#.............
...............
....########### ... ..
.


There were no monsters in sight!

Vanquished Creatures
  Grinder (D:3)
  The ghost of BoredOne the Skirmisher, an amateur VSFi (D:3)
  A water moccasin skeleton (D:5)
  2 worker ants (D:4)
  3 gnolls (D:4)
  9 adders
  3 oozes
  8 worms
  5 dart slugs
  4 leopard geckos (D:3)
  4 orcs
  6 giant cockroaches
  5 goblins
  8 hobgoblins
  6 jackals
  A quokka (D:4)
  A ball python (D:3)
  3 bats
  5 frilled lizards
  8 kobolds
  A leopard gecko skeleton (D:4)
  12 rats
97 creatures vanquished.

Notes
Turn   | Place    | Note
-------+----------+-------------------------------------------
     0 | D:1      | BugsBunnySan the Felid Berserker began the quest for the Orb.
     0 | D:1      | Reached XP level 1. HP: 10/10 MP: 2/2
   336 | D:1      | Reached XP level 2. HP: 10/14 MP: 3/3
   749 | D:2      | Reached XP level 3. HP: 12/17 MP: 4/4
  1290 | D:2      | Reached XP level 4. HP: 21/21 MP: 5/5
  1421 | D:2      | Reached ** piety under Trog
  1421 | D:2      | Reached skill level 5 in Dodging
  1510 | D:2      | Reached skill level 4 in Unarmed Combat
  1534 | D:2      | Found a shattered altar of Ashenzari.
  1829 | D:3      | Noticed Grinder
  1831 | D:3      | Paralysed by Grinder for 6 turns
  1844 | D:3      | Killed Grinder
  1844 | D:3      | Reached skill level 5 in Unarmed Combat
  1844 | D:3      | Reached XP level 5. HP: 13/24 MP: 6/6
  1844 | D:3      | Gained mutation: You are covered in thick fur. (AC +2) [Felid growth]
  1844 | D:3      | Reached XP level 6. HP: 16/28 MP: 7/7
  2070 | D:3      | Noticed a moth of wrath
  2073 | D:3      | Found a bloodstained altar of Trog.
  2073 | D:3      | Noticed BoredOne's ghost (amateur VSFi)
  2089 | D:3      | Killed BoredOne's ghost
  2138 | D:3      | Reached skill level 6 in Unarmed Combat
  2549 | D:3      | Found a burning altar of Makhleb.
  3320 | D:4      | Reached XP level 7. HP: 28/31 MP: 8/8
  4181 | D:5      | Entered Level 5 of the Dungeon
  4392 | D:5      | Reached *** piety under Trog
  4442 | D:5      | Found a snail-covered altar of Cheibriados.
  4489 | D:5      | Shot with a bolt by a big kobold
  4490 | D:5      | Reached XP level 6. HP: -7/28 MP: 7/7
  4490 | D:5      | Quit the game

Skill      XL: |  1  2  3  4  5  6 |
---------------+-------------------+-----
Dodging        | 5 |  5.9
Unarmed Combat | 5 6 |  6.7
Stealth        | 2 4 |  4.4
Fighting       | |  3.6

Action                   |  1- 3 |  4- 6 |  7- 9 || total
-------------------------+-------+-------+-------++-------
Melee: Unarmed           |    57 |   128 |    43 ||   228
       Bite              |     7 |    16 |     4 ||    27
       Punch             |     1 |     3 |     2 ||     6
Invok: Berserk           |     3 |     5 |     2 ||    10
       Trog's Hand       |       |     2 |     1 ||     3
 Stab: Sleeping          |     1 |    13 |     1 ||    15
  Eat: Chunk             |    10 |     9 |     4 ||    23
Armor: Skin              |     2 |     3 |       ||     5
Dodge: Dodged            |    36 |    75 |    59 ||   170
